AoeStats
← [TYN] Shamburger

Nomad

509740619Analyzed
4v4 RM · 5d ago on Sep 27, 2026· 41m 22s· 8 players
Game mode
Random Map
Map size
231×231
Population
200
Speed
Normal
Resources
Standard
Victory
Conquest
Starting age
Dark Age
Ending age
Imperial Age
RankedLock teamsTeams togetherTeam positionsShared explorationLock speedFull tech treeHidden civsTurbo modeCheats
Victory
Defeat
🇩🇪 Persians · Germany
1263
+12
🇹🇷 Malay · Türkiye
1216
+14
🇹🇷 Varangians · Türkiye
1166
+16
🇹🇼 Franks · Taiwan
1141
+18
🇺🇸 Hindustanis · United States
1209
-16
🇦🇷 Saxons · Argentina
1194
-16
🇦🇷 Tatars · Argentina
1171
-15
🇨🇱 Berbers · Chile
1130
-13
hurlmore
3:59 Loom
13:36 Feudal Age
18:12 Fletching
22:59 Castle Age
21:07 Padded Archer Armor
22:31 Horse Collar
22:41 Double-Bit Axe
24:42 Husbandry
25:57 Forging
25:53 Scale Barding Armor
29:02 Bloodlines
34:15 Scale Mail Armor
35:20 Iron Casting
35:46 Grand Trunk Road
37:29 Wheelbarrow
39:01 Wheelbarrow
Miossarela
4:27 Loom
17:49 Feudal Age
21:11 Bloodlines
23:18 Castle Age
21:44 Double-Bit Axe
23:13 Scale Barding Armor
23:20 Forging
24:06 Husbandry
28:50 Gold Mining
31:20 Gold Shaft Mining
31:24 Chain Barding Armor
40:53 Iron Casting
GranateCampeón
4:40 Loom
15:12 Feudal Age
15:59 Double-Bit Axe
20:22 Castle Age
18:19 Gold Mining
18:11 Horse Collar
20:21 Fletching
20:32 Padded Archer Armor
21:21 Bodkin Arrow
21:40 Bow Saw
21:27 Town Watch
22:49 Gold Shaft Mining
24:31 Heavy Plow
25:37 Ballistics
35:29 Pikeman
36:35 Forging
36:25 Scale Mail Armor
36:35 Forging
36:26 Scale Mail Armor
37:30 Squires
38:44 Iron Casting
39:57 Leather Archer Armor
[TYN] Shamburger
3:49 Loom
14:54 Feudal Age
15:30 Double-Bit Axe
15:34 Fishing Lines
17:54 Arson
17:45 Man-at-Arms
19:02 Fletching
22:10 Forging
22:50 Scale Mail Armor
30:04 Castle Age
37:47 Town Watch
M*rpheu$
12:46 Feudal Age
14:41 Loom
20:00 Castle Age
18:42 Double-Bit Axe
18:39 Horse Collar
19:08 Gold Mining
20:41 Husbandry
20:51 Bloodlines
22:04 Scale Barding Armor
22:32 Forging
31:39 Wheelbarrow
32:24 Town Watch
40:10 Bow Saw
40:02 Heavy Plow
isik.cemil
7:55 Loom
15:53 Feudal Age
16:45 Town Watch
19:35 Castle Age
17:31 Fishing Lines
18:17 Double-Bit Axe
18:13 Horse Collar
18:32 Stone Mining
19:36 Fletching
20:45 Gillnets
32:00 Padded Archer Armor
37:03 Wheelbarrow
38:50 Hand Cart
43:48 Imperial Age
KingMoonborn
4:50 Loom
14:23 Feudal Age
14:31 Double-Bit Axe
14:51 Fishing Lines
18:59 Castle Age
19:21 Bow Saw
21:48 Gillnets
27:48 Wheelbarrow
27:10 Horse Collar
30:58 Scale Barding Armor
31:04 Forging
31:00 Husbandry
36:38 Imperial Age
37:10 Chemistry
36:31 Ballistics
36:31 Heavy Scorpion
37:51 Conscription
37:58 Fletching
38:43 Iron Casting
40:58 Forced Levy
40:38 Elite Battle Elephant
鳥松金城武
12:43 Loom
14:29 Feudal Age
16:36 Double-Bit Axe
19:27 Castle Age
17:41 Fishing Lines
20:22 Bow Saw
20:37 Gillnets
25:23 Wheelbarrow
24:49 Gold Mining
25:40 Town Watch
28:17 Gold Shaft Mining
27:32 Stone Mining
31:03 Imperial Age
28:54 Scale Barding Armor
29:31 Husbandry
30:52 Forging
32:05 Chain Barding Armor
32:21 Iron Casting
31:10 Cavalier
32:13 Hand Cart
32:41 Ballistics
33:22 Chemistry
34:28 Plate Barding Armor
34:43 Conscription
34:45 Paladin
37:24 Blast Furnace
36:15 Fletching
Connection lost

Rejoining the realm…

Still unreachable

The connection could not be restored.

Session expired

The server has moved on; the page needs a fresh start.